 Dungeon Crawl Stone Soup version 0.26-a0-962-g9b92081034 (webtiles) character file.

Game seed: 13047720886862016379

792 cyper the Digger (level 7, -5/38 HPs)
             Began as a Gargoyle Earth Elementalist on Dec 2, 2020.
             Slain by a centaur (7 damage)
             ... on level 8 of the Dungeon.
             The game lasted 00:14:14 (3938 turns).

cyper the Digger (Gargoyle Earth Elementalist)      Turns: 3938, Time: 00:14:15

Health: -5/38      AC: 10    Str: 11    XL:     7   Next: 88%
Magic:  13/14      EV: 12    Int: 18    God:
Gold:   164        SH:  0    Dex: 10    Spells: 6/15 levels left

rFire    . . .     SeeInvis .   m - +1 falchion (holy)
rCold    . . .     Faith    .   (no shield)
rNeg     + . .     Spirit   .   c - +0 robe
rPois    ∞         Reflect  .   h - +0 helmet
rElec    +         Harm     .   a - +2 cloak
rCorr    .         Rampage  .   (no gloves)
MR       .....                  (no boots)
Stlth    ++........             (no amulet)
HPRegen  0.12/turn              (no ring)
MPRegen  0.14/turn              (no ring)

@: hasted, very quick
A: negative energy resistance 1, electricity resistance, unbreathing,
petrification resistance, rot immunity, AC +4
a: no special abilities


You were on level 8 of the Dungeon.
You visited 1 branch of the dungeon, and saw 6 of its levels.

You collected 164 gold pieces.

Inventory:

Hand Weapons
 i - a +1 short sword
 m - a +1 falchion of holy wrath (weapon)
 o - a +4 quarterstaff of chaos
Missiles
 b - 59 stones (quivered)
Armour
 a - a +2 cloak (worn)
 c - a +0 robe (worn)
 h - a +0 helmet (worn)
Wands
 j - a wand of enslavement (3)
 n - a wand of flame (15)
Scrolls
 f - a scroll of immolation
 g - 2 scrolls of teleportation
 l - 2 scrolls of remove curse
Potions
 d - a potion of brilliance
 e - 2 potions of attraction


   Skills:
 + Level 1.0 Fighting
 + Level 1.0 Armour
 + Level 1.8 Dodging
 - Level 2.1 Stealth
 + Level 4.8 Spellcasting
 + Level 4.5 Conjurations
 - Level 0.7 Transmutations
 + Level 6.8 Earth Magic
 + Level 0.7 Evocations


You had 6 spell levels left.
You knew the following spells:

 Your Spells              Type           Power        Failure   Level
a - Sandblast             Erth           ####..       1%          1
b - Stone Arrow           Conj/Erth      ###...       4%          3
c - Lee's Rapid Deconstr  Erth           ####......   22%         5

Your spell library contained the following spells:

 Spells                   Type           Power        Failure   Level
 Passwall                 Tmut/Erth      ###.....     4%          2
 Petrify                  Tmut/Erth      ###.....     28%         4


Dungeon Overview and Level Annotations

Branches:
Dungeon (8/15)
 Temple: D:4-7         Lair: D:8-11

Altars:
Ashenzari
Nemelex Xobeh
Okawaru
Qazlal
Trog


Innate Abilities, Weirdness & Mutations

You are resistant to torment.
Your stone body is resilient. (AC +4)
You are immune to poison.
You resist negative energy. (rN+)
You are resistant to electric shocks. (rElec)
You can survive without breathing.
You are immune to petrification.
You are immune to rotting.


Message History

Okay, then.
Unknown command.
Unknown command.
You feel yourself speed up. The centaur hits you.
* * * LOW HITPOINT WARNING * * *
The orc warrior hits you with a +0 flail.
* * * LOW HITPOINT WARNING * * *
The centaur barely misses you.
Unknown command.
Unknown command.
Items here: )) [ ÷.
Casting: Sandblast (safe; 1% risk of failure)
Confirm with . or Enter, or press ? or * to list all spells.
Aiming: Sandblast (safe; 1% risk of failure)
Press: ? - help, Shift-Dir - straight line, f - centaur
Aim: a centaur (12% to evade)
The blast of sand hits the centaur but does no damage.
b - 59 stones The centaur hits you!
You die...

##########
.........#
.######..#
#..###
#####..[[#######
#......#c.......
#.####.@o#######
#..## #..# #..#
.>.# ###.# #..
###


You could see an orc warrior and a centaur.

Vanquished Creatures
  A moth of wrath (D:3)
  Crazy Yiuf (D:2)
  A bullfrog skeleton (D:4)
  Terence (D:2)
  5 orc wizards
  A worker ant (D:4)
  6 gnolls (D:3)
  3 adders
  3 worms (D:2)
  A dart slug (D:1)
  3 leopard geckos
  13 orcs
  2 giant cockroaches
  3 hobgoblins (D:1)
  2 jackals (D:2)
  4 kobolds
  2 quokkas
  7 bats
  6 frilled lizards
  6 goblins
  7 rats
78 creatures vanquished.

Notes
Turn   | Place    | Note
-------+----------+-------------------------------------------
     0 | D:1      | cyper the Gargoyle Earth Elementalist began the quest for
                  | the Orb.
     0 | D:1      | Reached XP level 1. HP: 10/10 MP: 3/3
   213 | D:1      | Reached XP level 2. HP: 15/15 MP: 3/5
   254 | D:1      | Reached skill level 4 in Earth Magic
   882 | D:2      | Reached XP level 3. HP: 19/19 MP: 4/7
   889 | D:2      | Learned a level 3 spell: Stone Arrow
  1099 | D:2      | Noticed Terence
  1116 | D:2      | Killed Terence
  1117 | D:2      | Reached skill level 1 in Conjurations
  1117 | D:2      | Reached XP level 4. HP: 24/24 MP: 1/8
  1302 | D:2      | Found a stormy altar of Qazlal.
  1303 | D:2      | Noticed a water elemental
  1304 | D:2      | Noticed a fire elemental
  1304 | D:2      | Noticed an earth elemental
  1304 | D:2      | Noticed an air elemental
  1480 | D:2      | Found a runed translucent door.
  1481 | D:2      | Noticed Crazy Yiuf
  1489 | D:2      | Killed Crazy Yiuf
  1490 | D:2      | Reached skill level 5 in Earth Magic
  1490 | D:2      | Reached XP level 5. HP: 15/28 MP: 1/9
  1915 | D:3      | Found an iron altar of Okawaru.
  2140 | D:3      | Reached XP level 6. HP: 19/32 MP: 6/11
  2337 | D:3      | Noticed a moth of wrath
  2340 | D:3      | Found a bloodstained altar of Trog.
  2399 | D:3      | Learned a level 5 spell: Lee's Rapid Deconstruction
  2646 | D:3      | Killed a moth of wrath
  2647 | D:3      | Reached skill level 6 in Earth Magic
  2647 | D:3      | Reached XP level 7. HP: 36/36 MP: 0/13
  2955 | D:3      | Found a broken altar of Ashenzari.
  3344 | D:4      | You fall into a shaft and drop 3 floors!
  3360 | D:7      | Found a sparkling altar of Nemelex Xobeh.
  3701 | D:8      | Reached skill level 1 in Fighting
  3701 | D:8      | Reached skill level 1 in Armour
  3938 | D:8      | Slain by a centaur

Illustrated notes

Levels and vault maps discovered:
D:1:      dpeg_arrival_tiny_a, layout_basic, lemuel_another_geyser
D:2:      layout_basic, nicolae_qazlal_style_of_elements, minmay_tiny_reverse_x,
          uniq_crazy_yiuf_cottage, uniq_terence
D:3:      layout_basic, old_standard_altar, evilmike_ruin_ashenzari, tgw_trog,
          serial_glass, glass_columns_b, glass_columns_a
D:4:      layout_loops_corners, uniq_robin
D:7:      layout_cave_pools, nemelex_xobeh_ov_fountains_minmay
D:8:      layout_loops_ring, makhleb_grotto_becter, nicolae_ru_awakened_eye,
          nicolae_overflow_crystal_walls,
          nicolae_gozag_cash_rules_everything_around_me, the_bakery, uniq_maggie

Skill      XL: |  1  2  3  4  5  6  7 |
---------------+----------------------+-----
Earth Magic    | 4 5 6 |  6.8
Spellcasting   | 3 4 |  4.8
Conjurations   | 1 2 4 |  4.5
Fighting       | 1 |  1.0
Armour         | 1 |  1.0
Dodging        | |  1.8
Stealth        | |  2.1
Transmutations | |  0.7
Evocations     | |  0.7

Action                   |  1- 3 |  4- 6 |  7- 9 || total
-------------------------+-------+-------+-------++-------
Melee: Short sword       |    38 |    42 |       ||    80
       Unarmed           |     5 |       |       ||     5
       Falchion          |       |       |    39 ||    39
 Cast: Sandblast         |    28 |    42 |    18 ||    88
       Lee's Rapid Decon |       |     6 |     1 ||     7
Evoke: Wand              |       |       |     2 ||     2
  Use: Scroll            |     4 |     3 |     3 ||    10
       Potion            |       |       |     3 ||     3
 Stab: Sleeping          |     2 |     2 |     1 ||     5
Armor: Robe              |    22 |    27 |    30 ||    79
Dodge: Dodged            |    45 |    42 |    32 ||   119
       Rpst.: Falchion   |       |       |     5 ||     5

Table legend: (Time is in decaauts)
 A = Elapsed time spent in this place.
 B = Non-inter-level travel time spent in this place.
 C = Inter-level travel time spent in this place.
 D = Time resting spent in this place.
 E = Time spent auto-exploring this place.
 F = Levels seen in this place.
 G = Mean time per level.
                   A        B        C        D        E       F      G
               +--------+--------+--------+--------+--------+-----+--------+
         Total |   3942 |   3877 |     65 |   1047 |   2046 |   6 |  657.0 |
       Dungeon |   3942 |   3877 |     65 |   1047 |   2046 |   6 |  657.0 |
               +--------+--------+--------+--------+--------+-----+--------+

Top non-repeatable levels by time:
     D:3: 1461 daAuts
     D:1: 878 daAuts
     D:2: 792 daAuts
     D:8: 450 daAuts
     D:4: 212 daAuts
     D:7: 146 daAuts
